Map: Winter Madness LE

Players

TheLeaf

  • Race: Terran Terran
  • League: Gold
  • Spawn Location: 5:00

weisswinds - Winner!

  • Race: Zerg Zerg
  • League: Gold
  • Spawn Location: 11:00

VOD

Have the link to the VOD?

Description

Time

  • Played on: April 30, 2026, 1:05 a.m.
  • Length: 18:47
Show
View Real Time Build Order
Export as new Build Order

TheLeaf Terran 

Build Orders:  

Get SALT Encoding   

  12  0:03  SCV  
  13  0:15  SCV  
  14  0:22  Supply Depot  
  14  0:27  SCV  
  15  0:44  SCV  
  15  0:45  Barracks  
  15  0:48  Refinery  
  16  0:56  SCV  
  17  1:08  SCV  
  18  1:20  SCV  
  19  1:33  Marine  
  19  1:34  Command Center  
  20  1:45  Orbital Command  
  20  2:10  Marine  
  20  2:11  SCV  
  20  2:14  Refinery  
  22  2:18  Factory  
  21  2:24  SCV  
  22  2:33  Barracks, Marine  
  23  2:39  Supply Depot  
  23  2:46  SCV  
  23  2:49  Supply Depot  
  24  2:56  Barracks Reactor  
  24  2:58  SCV  
  25  3:05  Engineering Bay  
  25  3:10  SCV  
  26  3:18  Bunker  
  26  3:19  Orbital Command  
  26  3:28  Factory Tech Lab, Barracks Tech Lab  
  26  3:38  SCV  
  27  3:50  SCV  
  27  3:51  Refinery  
  27  3:53  Stimpack  
  28  3:59  SCV  
  28  4:01  Terran Infantry Weapons Level 1  
  29  4:09  Starport  
  29  4:12  Marine  
  29  4:13  Marine  
  29  4:15  SCV  
  32  4:17  SCV  
  33  4:26  Siege Tank  
  33  4:27  Marine  
  33  4:29  SCV  
  38  4:34  Refinery, Marine  
  38  4:35  Marine  
  38  4:38  SCV  
  41  4:45  Starport Reactor  
  41  4:46  Marine  
  41  4:48  SCV  
  43  4:57  SCV  
  43  4:58  Marine x2  
  46  5:07  Marine  
  46  5:10  SCV  
  48  5:14  Supply Depot  
  48  5:16  Marine  
  48  5:18  SCV  
  48  5:19  Armory  
  48  5:21  Marine  
  50  5:23  Medivac  
  53  5:28  SCV  
  53  5:34  Combat Shield  
  54  5:35  Marine  
  54  5:36  Medivac, Supply Depot  
  54  5:40  SCV  
  54  5:41  SCV  
  59  5:49  Marine  
  59  5:50  Marine  
  59  5:56  Terran Infantry Armor Level 1  
  61  5:57  Liberator  
  61  5:59  Supply Depot  
  61  6:00  Marine  
  61  6:01  SCV  
  61  6:03  SCV  
  67  6:08  Terran Vehicle Weapons Level 1  
  67  6:19  Siege Tank  
  67  6:21  Marine x3  
  67  6:23  SCV  
  74  6:27  Supply Depot  
  74  6:50  Command Center  
  74  6:53  SCV x2  
  76  6:54  Marine x3  
  70  7:19  Marine x3  
  73  7:23  Thor  
  70  7:37  Liberator x2, Marine x3  
  79  7:45  Supply Depot  
  79  7:46  Factory  
  79  7:48  SCV x2  
  81  7:52  Concussive Shells  
  81  7:55  Marine x3  
  84  8:02  Orbital Command  
  77  8:12  Marine  
  77  8:13  Marine x2  
  80  8:28  Orbital Command  
  80  8:30  Marine x2  
  82  8:44  Refinery  
  82  8:47  Factory Tech Lab  
  82  8:48  Liberator x2  
  82  8:49  Factory, SCV x2  
  90  9:01  SCV  
  90  9:02  SCV  
  92  9:03  Orbital Command  
  92  9:04  Refinery  
  92  9:10  Command Center  
  83  9:22  Marine x2  
  83  9:23  Marine  
  61  9:34  Thor x2  
  72  9:40  Marine x3  
  75  9:58  Marine x3  
  77  10:00  Factory Tech Lab  
  77  10:04  SCV x2  
  79  10:19  Factory  
  79  10:21  Terran Vehicle And Ship Armor Level 1  
  79  10:26  Marine  
  79  10:27  Marine x2  
  82  10:30  SCV x3  
  82  10:34  Refinery  
  84  10:37  Refinery  
  84  10:44  Refinery  
  84  10:45  Refinery  
  84  10:46  SCV  
  85  10:58  SCV  
  85  10:59  SCV  
  87  11:11  Thor  
  87  11:12  Thor  
  87  11:15  SCV  
  87  11:16  SCV x2  
  102  11:24  Factory Tech Lab  
  102  11:31  Factory, Viking x2, Supply Depot  
  102  11:32  SCV x2  
  108  11:45  SCV  
  109  11:50  Command Center  
  109  11:52  SCV x2  
  111  11:58  Supply Depot, Infernal Pre-Igniter  
  111  12:00  Thor  
  117  12:02  SCV  
  118  12:11  SCV  
  118  12:12  SCV  
  120  12:22  SCV  
  121  12:23  SCV  
  121  12:28  Command Center  
  121  12:29  Terran Infantry Weapons Level 2, Terran Vehicle And Ship Armor Level 2  
  122  12:35  Hellbat x2  
  126  12:39  SCV x2  
  126  12:40  SCV  
  129  12:54  Marine x2  
  129  12:55  Marauder  
  133  13:02  Siege Tank x2  
  133  13:03  Supply Depot  
  139  13:11  SCV x2  
  139  13:12  Factory Tech Lab  
  141  13:13  Thor  
  141  13:15  Siege Tank  
  150  13:35  Missile Turret  
  141  13:57  Missile Turret  
  133  14:20  Planetary Fortress  
  133  14:23  Thor  
  139  14:24  Thor  
  139  14:25  Thor  
  139  14:26  Hellbat x2  
  139  14:28  Marine x3  
  139  14:30  SCV x2  
  160  14:37  Missile Turret  
  160  14:41  Planetary Fortress  
  160  14:46  Marine  
  145  15:10  Thor x3  
  145  15:11  Thor  
  126  15:35  Marine x3  
  129  15:52  Thor  
  129  15:53  Thor  
  141  16:03  Refinery  
  129  16:05  Refinery  
  112  16:13  Thor  
  112  16:14  Thor  
  112  16:16  Marine x2  
  112  16:17  Marauder  
  120  16:26  Command Center  
  120  16:37  Marine x2  
  122  16:41  Liberator  
  122  16:42  Liberator  
  122  16:45  Supply Depot  
  122  16:46  Siege Tank  
  131  16:50  SCV x2  
  131  16:51  SCV  
  134  17:16  Siege Tank  
  134  17:18  Hellbat  
  134  17:20  Hellbat, Marine x2  
  134  17:22  Marauder  
  145  17:27  Supply Depot  
  145  17:28  Medivac  
  147  17:41  Thor  
  153  17:58  Starport  
Show
View Real Time Build Order
Export as new Build Order

weisswinds Zerg - Winner!

Build Orders: Hatch First 

Get SALT Encoding   

  12  0:00  Drone  
  13  0:08  Drone  
  14  0:20  Overlord  
  14  0:42  Hatchery  
  13  0:50  Drone  
  13  0:51  Drone  
  15  1:04  Spawning Pool  
  15  1:08  Drone  
  15  1:12  Drone  
  15  1:15  Drone  
  17  1:19  Extractor  
  17  1:24  Drone  
  17  1:41  Drone  
  17  1:44  Drone  
  19  1:52  Queen  
  21  1:54  Queen  
  21  1:57  Zergling x2  
  23  2:13  Zergling x4  
  24  2:22  Drone  
  25  2:23  Drone x2  
  27  2:46  Drone  
  27  2:47  Overlord x3  
  28  2:53  Extractor  
  28  2:54  Extractor  
  28  2:57  Extractor  
  25  3:02  Roach Warren  
  25  3:05  Lair  
  24  3:08  Drone  
  24  3:11  Drone  
  26  3:15  Drone  
  26  3:19  Drone  
  28  3:32  Drone  
  28  3:33  Drone x2  
  32  3:34  Drone  
  32  3:43  Drone  
  32  3:44  Drone x2  
  35  3:52  Drone x2  
  35  3:54  Drone  
  38  4:03  Drone  
  38  4:04  Drone x2  
  41  4:10  Glial Reconstitution  
  41  4:20  Drone x3  
  41  4:22  Overlord  
  44  4:27  Overlord  
  44  4:46  Drone x7  
  51  4:57  Overlord x2  
  51  5:01  Roach  
  51  5:02  Roach x2  
  57  5:12  Roach  
  59  5:14  Overlord x2  
  59  5:31  Pneumatized Carapace  
  59  5:36  Infestation Pit, Roach  
  59  5:37  Roach x6  
  74  5:43  Roach x2  
  76  5:52  Roach x2  
  80  6:13  Hatchery, Queen  
  80  6:19  Roach x5  
  80  6:23  Overlord  
  90  6:34  Spore Crawler  
  90  6:36  Spore Crawler  
  88  6:40  Spore Crawler x2  
  88  6:41  Drone x5  
  91  6:48  Roach  
  91  6:49  Roach  
  95  6:55  Roach  
  97  7:28  Roach x4  
  105  7:34  Overlord x6  
  105  7:41  Overlord x3  
  85  8:22  Roach  
  85  8:23  Roach x14  
  109  8:41  Roach x5  
  119  8:45  Ravager  
  119  8:46  Ravager x13  
  133  8:51  Drone x3  
  136  9:04  Drone x3  
  78  9:38  Drone  
  78  9:39  Drone x14  
  82  10:02  Hatchery  
  82  10:06  Hive  
  81  10:12  Evolution Chamber  
  81  10:13  Evolution Chamber  
  79  10:18  Spire  
  79  10:19  Extractor x2  
  79  10:21  Drone x3  
  79  10:22  Drone x3  
  82  10:33  Spore Crawler  
  82  10:34  Spore Crawler  
  70  10:45  Overseer  
  70  10:53  Overlord  
  70  10:54  Overlord x7  
  70  10:55  Roach x5  
  70  10:56  Roach x8  
  96  11:16  Drone x9  
  105  11:28  Zerg Ground Armor Level 1, Hatchery  
  105  11:29  Extractor, Zerg Flyer Weapons Level 1  
  105  11:30  Extractor  
  102  11:35  Drone x3  
  102  11:36  Drone  
  102  11:37  Drone x2  
  108  11:52  Roach x16  
  140  11:58  Drone  
  140  11:59  Drone  
  142  12:04  Roach x2  
  146  12:12  Zerg Missile Weapons Level 1  
  146  12:18  Mutalisk x9  
  164  12:31  Mutalisk x6  
  176  12:47  Mutalisk x10  
  196  12:54  Roach  
  198  13:23  Zerg Flyer Weapons Level 2  
  150  14:25  Zerg Missile Weapons Level 2, Ultralisk Cavern, Zerg Ground Armor Level 2  
  150  14:26  Roach x8  
  150  14:27  Roach x17  
  193  14:54  Ravager x7  
  200  15:04  Ravager x5  
  109  15:26  Roach x15  
  109  15:27  Roach x6  
  125  15:44  Roach x2  
  125  15:45  Roach x8  
  120  16:20  Roach x9  
  120  16:21  Roach x10  
  150  16:36  Ultralisk x6  
  178  16:51  Overseer  
  178  16:57  Hatchery  
  183  17:01  Ultralisk x3  
  195  17:12  Zergling x10  
  195  17:14  Overlord x2  
  200  17:21  Chitinous Plating  
  200  17:55  Extractor  
  199  17:59  Extractor  
  168  18:39  Spore Crawler  
Tags
 
Add a new tag
Caveats
  • Supply blocks, unpowered buildings, or Contaminate may cause inaccurate times.
  • Supply counts are checked every 10 seconds.